 Dungeon Crawl Stone Soup version 0.25.1-2-g60ff931df9 (webtiles) character file.

Game seed: 2394520149050660411

1164 DungeonDestroyer the Shield-Bearer (level 8, -2/67 HPs)
             Began as a Gnoll Fighter on Oct 24, 2020.
             Was a Believer of Nemelex Xobeh.
             Slain by an orc warrior
             ... wielding a cursed -1 hand axe
              (14 damage)
             ... on level 6 of the Dungeon.
             The game lasted 00:11:35 (4999 turns).

DungeonDestroyer the Shield-Bearer (Gnoll Fighter)  Turns: 4999, Time: 00:11:36

Health: -2/67      AC: 12    Str: 20    XL:     8   Next: 40%
Magic:  12/12      EV:  8    Int: 10    God:    Nemelex Xobeh [**....]
Gold:   176        SH: 12    Dex: 16    Spells: 13/13 levels left

rFire    . . .     SeeInvis .   a - +1 war axe
rCold    . . .     Gourm    .   c - +1 kite shield
rNeg     . . .     Faith    .   y - +0 chain mail
rPois    .         Spirit   .   (no helmet)
rElec    .         Reflect  .   m - scarf {repulsion}
rCorr    .         Harm     .   (no gloves)
MR       .....                  q - +0 pair of boots
Stlth    ..........             (no amulet)
HPRegen  0.21/turn              (no ring)
MPRegen  0.13/turn              (no ring)

@: lethally poisoned (-2 -> -4), slowed, repel missiles, very slow
A: distributed training, fangs 1, strong nose
a: Draw Escape, Draw Destruction, Draw Summoning, Renounce Religion


You were on level 6 of the Dungeon.
You worshipped Nemelex Xobeh.
Nemelex Xobeh was pleased with you.
You were hungry.

You visited 1 branch of the dungeon, and saw 6 of its levels.

You collected 239 gold pieces.
You spent 63 gold pieces at shops.

Inventory:

Hand Weapons
 a - a +1 war axe (weapon)
 z - a +0 flail
Missiles
 b - 9 bolts
 g - 230 stones (quivered)
 n - 32 poisoned darts
 p - 53 arrows
 s - 32 sling bullets
 w - 10 boomerangs
Armour
 c - a +1 kite shield (worn)
 m - a scarf of repulsion (worn)
 q - a +0 pair of boots (worn)
 y - a +0 chain mail (worn)
Wands
 v - a wand of random effects (8)
Scrolls
 i - 3 scrolls of immolation
 j - a scroll of amnesia
 k - a scroll of magic mapping
 l - 2 scrolls of identify
 o - 3 scrolls of remove curse
Potions
 d - a potion of might
 h - a potion of curing
 t - a potion of cancellation
Comestibles
 f - 9 rations


   Skills:
 + Level 7.3 Fighting
 + Level 3.2 Short Blades
 + Level 3.2 Long Blades
 + Level 5.6 Axes
 + Level 3.2 Maces & Flails
 + Level 3.2 Polearms
 + Level 3.2 Staves
 + Level 3.2 Slings
 + Level 3.2 Bows
 + Level 3.2 Crossbows
 + Level 3.2 Throwing
 + Level 7.3 Armour
 + Level 3.2 Dodging
 + Level 3.2 Stealth
 + Level 7.3 Shields
 + Level 3.2 Unarmed Combat
 + Level 3.2 Spellcasting
 + Level 2.6 Conjurations
 + Level 2.6 Hexes
 + Level 2.6 Charms
 + Level 2.6 Summonings
 + Level 2.6 Necromancy
 + Level 2.6 Translocations
 + Level 2.6 Transmutations
 + Level 2.6 Fire Magic
 + Level 2.6 Ice Magic
 + Level 2.6 Air Magic
 + Level 2.6 Earth Magic
 + Level 2.6 Poison Magic
 + Level 3.5 Invocations
 + Level 3.2 Evocations


You had 13 spell levels left.
You didn't know any spells.
Your spell library was empty.

Dungeon Overview and Level Annotations

Branches:
Dungeon (6/15)
 Temple: D:4-7

Altars:
Dithmenos
Elyvilon
Hepliaklqana
Nemelex Xobeh
Uskayaw
The Shining One

Shops:
D:5 }=


Innate Abilities, Weirdness & Mutations

Your experience applies equally to all skills.
You have very sharp teeth.
Your uncanny sense of smell can sniff out nearby items.


Message History

The orc warrior hits you with a cursed -1 hand axe!
You block the orc wizard's attack.
The orc warrior hits you with a cursed -1 hand axe!
Unknown command.
You closely miss the orc wizard.
The orc wizard is severely wounded.
You completely miss the orc warrior.
You feel sick. The orc wizard casts a spell at you.
You feel as though you will be slow longer.
The orc wizard casts a spell at you. You resist with some effort.
You block the orc warrior's attack.
The orc wizard points at you and mumbles some strange words.
The magic dart hits you!
* * * LOW HITPOINT WARNING * * *
You slash the orc wizard!
You kill the orc wizard!
You barely miss the orc warrior.
You feel sick.
The orc warrior hits you with a cursed -1 hand axe!
You die...
Your body disappears without a glow.

#+###......#
...........#
...........###### #
................#
.+
..............<.+
.#
#########..##..##
..#
##..##'####..##..
∆........<#o)......
.........'@.......
..........#).......
###.##########.##..
# #


You could see an orc warrior.

Vanquished Creatures
  Sigmund (D:3)
  A water moccasin (D:6)
  A black bear (D:2)
  An ogre (D:4)
  A scorpion (D:5)
  3 hounds
  A jelly (D:5)
  3 orc priests
  3 orc wizards
  6 worker ants
  7 gnolls
  2 adders
  4 oozes
  An adder skeleton (D:4)
  2 worms (D:2)
  2 dart slugs
  7 leopard geckos
  18 orcs
  6 giant cockroaches
  8 goblins
  9 hobgoblins
  11 jackals
  8 kobolds
  2 quokkas
  3 ball pythons
  10 bats
  5 frilled lizards
  10 rats
136 creatures vanquished.

Notes
Turn   | Place    | Note
-------+----------+-------------------------------------------
     0 | D:1      | DungeonDestroyer the Gnoll Fighter began the quest for the
                  | Orb.
     0 | D:1      | Reached XP level 1. HP: 23/23 MP: 1/1
    80 | D:1      | Reached XP level 2. HP: 26/29 MP: 2/2
   288 | D:1      | Found a sparkling altar of Nemelex Xobeh.
   366 | D:1      | Reached XP level 3. HP: 35/35 MP: 3/3
   902 | D:1      | Became a worshipper of Nemelex Xobeh the Trickster
  1092 | D:2      | Reached skill level 1 in Invocations
  1106 | D:2      | Found a glowing golden altar of the Shining One.
  1209 | D:2      | Noticed a black bear
  1216 | D:2      | Killed a black bear
  1216 | D:2      | Reached skill level 1 in Short Blades
  1216 | D:2      | Reached skill level 1 in Long Blades
  1216 | D:2      | Reached skill level 1 in Maces & Flails
  1216 | D:2      | Reached skill level 1 in Polearms
  1216 | D:2      | Reached skill level 1 in Staves
  1216 | D:2      | Reached skill level 1 in Slings
  1216 | D:2      | Reached skill level 1 in Bows
  1216 | D:2      | Reached skill level 1 in Crossbows
  1216 | D:2      | Reached skill level 1 in Throwing
  1216 | D:2      | Reached skill level 1 in Dodging
  1216 | D:2      | Reached skill level 1 in Stealth
  1216 | D:2      | Reached skill level 1 in Unarmed Combat
  1216 | D:2      | Reached skill level 1 in Spellcasting
  1216 | D:2      | Reached skill level 1 in Conjurations
  1216 | D:2      | Reached skill level 1 in Hexes
  1216 | D:2      | Reached skill level 1 in Charms
  1216 | D:2      | Reached skill level 1 in Summonings
  1216 | D:2      | Reached skill level 1 in Necromancy
  1216 | D:2      | Reached skill level 1 in Translocations
  1216 | D:2      | Reached skill level 1 in Transmutations
  1216 | D:2      | Reached skill level 1 in Fire Magic
  1216 | D:2      | Reached skill level 1 in Ice Magic
  1216 | D:2      | Reached skill level 1 in Air Magic
  1216 | D:2      | Reached skill level 1 in Earth Magic
  1216 | D:2      | Reached skill level 1 in Poison Magic
  1216 | D:2      | Reached skill level 1 in Evocations
  1216 | D:2      | Reached XP level 4. HP: 41/41 MP: 4/6
  1216 | D:2      | Reached XP level 5. HP: 47/47 MP: 4/7
  1272 | D:2      | Received a gift from Nemelex Xobeh
  1591 | D:2      | You fall into a shaft and drop 2 floors!
  1684 | D:4      | Reached XP level 6. HP: 41/53 MP: 8/8
  1918 | D:4      | Reached skill level 5 in Axes
  2095 | D:4      | Found a white marble altar of Elyvilon.
  2362 | D:4      | Reached XP level 7. HP: 59/59 MP: 10/10
  2646 | D:3      | Noticed Sigmund
  2654 | D:3      | Killed Sigmund
  3165 | D:3      | Reached * piety under Nemelex Xobeh
  3571 | D:3      | Found a faded altar of an unknown god.
  3836 | D:2      | Found a hide-covered altar of Uskayaw.
  4020 | D:5      | Entered Level 5 of the Dungeon
  4020 | D:5      | Found Efiume's Jewellery Shoppe.
  4028 | D:5      | Bought a cursed ring of teleportation for 63 gold pieces
  4150 | D:5      | Reached XP level 8. HP: 67/67 MP: 12/12
  4270 | D:5      | Found Inasuaba's Gadget Boutique.
  4275 | D:5      | Found a shadowy altar of Dithmenos.
  4344 | D:5      | Received a gift from Nemelex Xobeh
  4508 | D:5      | Reached ** piety under Nemelex Xobeh
  4919 | D:5      | Found a glowing golden altar of the Shining One.
  4919 | D:5      | Found a hazy altar of Hepliaklqana.
  4999 | D:6      | Slain by an orc warrior

Illustrated notes

Levels and vault maps discovered:
D:1:      saegor_arrival_simple_b, layout_loops_ring,
          nemelex_xobeh_ov_fountains_minmay
D:2:      layout_basic, eat_drink_and_be_merry_uskayaw, first_ration, tso_altar
D:3:      layout_basic, serial_forest, infiniplex_forest_lined_1,
          infiniplex_forest_corner_2, infiniplex_forest_lined_3,
          infiniplex_forest_zigzag_1, infiniplex_forest_clump_C,
          infiniplex_forest_lined_3_way, infiniplex_forest_lined_3,
          chequers_ecumenical_altar_lobes, minmay_cut_off, uniq_sigmund
D:4:      layout_rooms, kennysheep_little_box
D:5:      layout_basic, overflow_temple_1_default,
          amethyst_overflow_temple_binary, serial_shops, shop,
          nicolae_shop_statue_plus, serial_co_window_serial, co_window_corner_a,
          co_window_paths_a, co_window_corner_a, co_window_corner_a,
          co_window_paths_b, co_window_broadway_a, co_window_unsneaky_path_b,
          co_window_2corner, co_window_cross_2, co_window_unsneaky_path_d,
          co_window_broadway_b, co_window_of_opportunity_c
D:6:      layout_gridville, minivault_23

Skill      XL: |  1  2  3  4  5  6  7  8 |
---------------+-------------------------+-----
Invocations    | 1 2 3 |  3.5
Short Blades   | 1 2 3 |  3.2
Long Blades    | 1 2 3 |  3.2
Maces & Flails | 1 2 3 |  3.2
Polearms       | 1 2 3 |  3.2
Staves         | 1 2 3 |  3.2
Slings         | 1 2 3 |  3.2
Bows           | 1 2 3 |  3.2
Crossbows      | 1 2 3 |  3.2
Throwing       | 1 2 3 |  3.2
Dodging        | 1 2 3 |  3.2
Stealth        | 1 2 3 |  3.2
Unarmed Combat | 1 2 3 |  3.2
Spellcasting   | 1 2 3 |  3.2
Conjurations   | 1 2 |  2.6
Hexes          | 1 2 |  2.6
Charms         | 1 2 |  2.6
Summonings     | 1 2 |  2.6
Necromancy     | 1 2 |  2.6
Translocations | 1 2 |  2.6
Transmutations | 1 2 |  2.6
Fire Magic     | 1 2 |  2.6
Ice Magic      | 1 2 |  2.6
Air Magic      | 1 2 |  2.6
Earth Magic    | 1 2 |  2.6
Poison Magic   | 1 2 |  2.6
Evocations     | 1 2 3 |  3.2
Axes           | 5 |  5.6
Fighting       | 7 |  7.3
Armour         | 7 |  7.3
Shields        | 7 |  7.3

Action                   |  1- 3 |  4- 6 |  7- 9 || total
-------------------------+-------+-------+-------++-------
Melee: War axe           |   115 |    86 |   167 ||   368
       Bite              |    12 |     6 |    17 ||    35
  Use: Scroll            |       |       |    11 ||    11
       Potion            |       |       |     5 ||     5
  Eat: Chunk             |     1 |     4 |     8 ||    13
Armor: Scale mail        |    45 |    37 |       ||    82
       Chain mail        |       |       |    81 ||    81
Dodge: Dodged            |    33 |    39 |    49 ||   121
       Repelled          |     2 |     3 |     2 ||     7
Block: Kite shield       |    58 |    80 |   113 ||   251
